 Dungeon Crawl Stone Soup version 0.22.0-40-g68aacdc (webtiles) character file.

391 Jorbantar the Skirmisher (level 6, -2/65 HPs)
             Began as a Troll Berserker on Sept 1, 2018.
             Was a Priest of Trog.
             Splashed by a jelly's acid (9 damage)
             ... on level 4 of the Dungeon.
             The game lasted 00:06:58 (2870 turns).

Jorbantar the Skirmisher (Troll Berserker)          Turns: 2870, Time: 00:06:58

Health: -2/65      AC:  1    Str: 26    XL:     6   Next: 50%
Magic:  5/5        EV: 11    Int:  3    God:    Trog [***...]
Gold:   113        SH:  0    Dex: 11    Spells: 5/5 levels left

rFire    . . .     SeeInvis .     - Unarmed
rCold    . . .     Gourm    +   (no shield)
rNeg     . . .     Faith    .   q - +0 robe (curse)
rPois    .         Spirit   .   (helmet restricted)
rElec    .         Reflect  .   o - scarf {cloud immunity}
rCorr    .         Harm     .   (gloves unavailable)
MR       .....                  (boots unavailable)
Stlth    ++........             (no amulet)
HPRegen  0.60/turn              k - +5 ring of slaying
MPRegen  0.09/turn              l - ring of stealth

@: corroded, berserk cooldown, slowed, very slow
A: large, unfitting armour, claws 3, fast metabolism 3, gourmand, regeneration
1, shaggy fur 1, tough skin 2
a: Berserk, Trog's Hand, Renounce Religion


You were on level 4 of the Dungeon.
You worshipped Trog.
Trog was most pleased with you.
You were full.

You visited 1 branch of the dungeon, and saw 4 of its levels.

You collected 113 gold pieces.

Inventory:

Armour
 a - a +0 animal skin
 o - a scarf of cloud immunity (worn)
 q - a cursed +0 robe (worn)
Jewellery
 k - a +5 ring of slaying (left claw)
 l - a ring of stealth (right claw)
 m - an uncursed ring of protection from magic {unknown}
Scrolls
 f - a scroll of identify
Potions
 d - a potion of ambrosia {unknown}
 e - a potion of might {unknown}
 i - 5 potions of curing
 n - a potion of degeneration {unknown}
Comestibles
 b - 7 rations
 c - 9 chunks of flesh


   Skills:
 * Level 4.8 Fighting
 - Level 3.2 Dodging
 + Level 4.6 Unarmed Combat


You had 5 spell levels left.
You didn't know any spells.
Your spell library was empty.

Dungeon Overview and Level Annotations

Branches:
Dungeon (4/15)
 Temple: D:4-7

Altars:
Hepliaklqana
Nemelex Xobeh

Annotations:
D:4 Menkaure


Innate Abilities, Weirdness & Mutations

You are too large for most types of armour.
You have claws for hands.
Your metabolism is lightning-fast.
You like to eat raw meat.
Your natural rate of healing is unusually fast.
You are covered in fur. (AC +1)
You have very tough skin. (AC +2)


Message History

A jelly comes into view.
The jelly quivers.
Menkaure, Prince of Dust comes into view.
You hear the slow rusting of a very distant drain.
You hear the slow hiss of a very distant avalanche of sand.
Menkaure shouts!
The jelly hits you but does no damage.
Found a ration.
You claw the jelly! The acid corrodes you!
Your claws burn!
The jelly is moderately wounded.
The jelly completely misses you.
You claw Menkaure!
Menkaure is heavily damaged.
The jelly hits you.
You are splashed with acid!
The acid burns!
Menkaure hits you!! x2
* * * LOW HITPOINT WARNING * * *
The jelly hits you.
* * * LOW HITPOINT WARNING * * *
You are splashed with acid!
The acid burns!
You die...

...# #....
##########.....
.)...#...... .. #
............ ... .#
.....#..... #.#
##.####
####.#########.#
.......
#...........##.......
..
#............@J......
..
#..<.........#M......
..
#............#.......
..
#..[.........#.......
.$
#............#.......
..
#............#.......
..
#..........#.#....%..
#..........#.#.......
#.##)###+#.#.#


You could see Menkaure and a jelly.

Vanquished Creatures
  2 scorpions (D:4)
  A hound (D:2)
  An orc wizard (D:4)
  An iguana (D:4)
  2 worker ants
  5 adders
  2 oozes
  3 dart slugs
  5 leopard geckos
  13 orcs
  4 giant cockroaches
  6 goblins
  9 hobgoblins
  4 jackals (D:2)
  4 kobolds
  2 quokkas
  9 bats
  5 frilled lizards
  10 rats
88 creatures vanquished.

Notes
Turn   | Place    | Note
-------+----------+-------------------------------------------
     0 | D:1      | Jorbantar the Troll Berserker began the quest for the Orb.
     0 | D:1      | Reached XP level 1. HP: 22/22 MP: 0/0
   361 | D:1      | Reached XP level 2. HP: 23/29 MP: 1/1
   988 | D:2      | Reached XP level 3. HP: 30/36 MP: 2/2
  1099 | D:2      | Reached ** piety under Trog
  1127 | D:2      | Reached XP level 4. HP: 45/45 MP: 3/3
  1403 | D:2      | Found a hazy altar of Hepliaklqana.
  1881 | D:3      | Reached XP level 5. HP: 54/54 MP: 4/4
  2407 | D:3      | Reached *** piety under Trog
  2754 | D:4      | Reached XP level 6. HP: 39/63 MP: 5/5
  2779 | D:4      | Found a sparkling altar of Nemelex Xobeh.
  2868 | D:4      | Noticed Menkaure
  2870 | D:4      | Splashed by a jelly's acid

Skill      XL: |  1  2  3  4  5 |
---------------+----------------+-----
Fighting       | 3 4 |  4.8
Dodging        | 3 |  3.2
Unarmed Combat | 4 |  4.6

Action                   |  1- 3 |  4- 6 || total
-------------------------+-------+-------++-------
Melee: Unarmed           |    86 |   152 ||   238
       Punch             |       |     1 ||     1
Invok: Berserk           |       |     2 ||     2
  Use: Scroll            |       |     7 ||     7
 Stab: Sleeping          |       |     5 ||     5
  Eat: Chunk             |    15 |    16 ||    31
Armor: Animal skin       |    48 |    38 ||    86
       Robe              |       |     8 ||     8
Dodge: Dodged            |    57 |    58 ||   115
